 Dungeon Crawl Stone Soup version 0.26-a0-505-g732bf3b8d2 (webtiles) character file.

Game seed: 2054458450741611583

26 KristoblXynda the Ducker (level 2, -7/22 HPs)
             Began as a Vampire Gladiator on Aug 9, 2020.
             Mangled by a kobold
             ... wielding a +1 short sword of electrocution
              (13 damage)
             ... on level 1 of the Dungeon.
             The game lasted 00:00:43 (532 turns).

KristoblXynda the Ducker (Vampire Gladiator)         Turns: 532, Time: 00:00:43

Health: -7/22      AC:  4    Str: 13    XL:     2   Next: 89%
Magic:  2/2        EV: 13    Int: 10    God:
Gold:   21         SH:  0    Dex: 15    Spells: 1/1 levels left

rFire    . . .     SeeInvis +   a - +0 long sword
rCold    . . .     Faith    .   (no shield)
rNeg     . . .     Spirit   .   b - +0 leather armour
rPois    .         Reflect  .   c - +0 helmet
rElec    .         Harm     .   (no cloak)
rCorr    .                      (no gloves)
MR       .....                  (no boots)
Stlth    +.........             (no amulet)
HPRegen  0.27/turn              (no ring)
MPRegen  0.08/turn              (no ring)

@: regenerating quickly
A: fangs 3, see invisible, unbreathing
a: Exsanguinate


You were on level 1 of the Dungeon.
You visited 1 branch of the dungeon, and saw 1 of its levels.

You collected 21 gold pieces.

Inventory:

Hand Weapons
 a - a +0 long sword (weapon)
Missiles
 d - 4 throwing nets (quivered)
Armour
 b - a +0 leather armour (worn)
 c - a +0 helmet (worn)
Scrolls
 e - a scroll of immolation {unknown}
 g - a scroll of random uselessness {unknown}
Potions
 f - 2 potions of berserk rage {unknown}


   Skills:
 + Level 2.2 Fighting
 + Level 3.2 Long Blades
 + Level 1.9 Throwing
 + Level 3.7 Dodging


You had one spell level left.
You didn't know any spells.
Your spell library was empty.

Dungeon Overview and Level Annotations

Branches:
Dungeon (1/15)

Altars:


Innate Abilities, Weirdness & Mutations

Your natural rate of healing is unusually fast.
You have razor-sharp teeth.
You have supernaturally acute eyesight. (SInv)
You can survive without breathing.


Message History

You closely miss the frilled lizard. The frilled lizard misses you.
You hit the frilled lizard.
You kill the frilled lizard!
The kobold closely misses you.
You riposte.
You hit the kobold.
The kobold is moderately wounded.
The kobold barely misses you.
You closely miss the kobold.
The kobold is moderately wounded.
The kobold misses you.
You barely miss the kobold.
The kobold is moderately wounded.
The kobold hits you with a +1 short sword of electrocution.
You are electrocuted!
Ouch! That really hurt!
* * * LOW HITPOINT WARNING * * *
You closely miss the kobold. Your bite misses the kobold.
The kobold is moderately wounded.
The kobold hits you but does no damage.
You are electrocuted!
Ouch! That really hurt!
You die...

## #. #. #. #. ## ## ..
#.##################
###>.@)...............
......K....#####.#######
#.###.####.# #.## #. #.#
#..# # #.# ##.# #.# #.#
#.# #.# #.# #)## #.#
###..#


You could see a kobold.

Vanquished Creatures
  4 giant cockroaches (D:1)
  A goblin (D:1)
  4 hobgoblins (D:1)
  4 jackals (D:1)
  4 frilled lizards (D:1)
  2 kobolds (D:1)
  5 rats (D:1)
24 creatures vanquished.

Notes
Turn   | Place    | Note
-------+----------+-------------------------------------------
     0 | D:1      | KristoblXynda the Vampire Gladiator began the quest for the
                  | Orb.
     0 | D:1      | Reached XP level 1. HP: 16/16 MP: 1/1
   248 | D:1      | Reached XP level 2. HP: 21/22 MP: 2/2
   532 | D:1      | Mangled by a kobold

Illustrated notes

Levels and vault maps discovered:
D:1:      saegor_arrival_simple_e, layout_basic

Skill      XL: |  1 |
---------------+----+-----
Fighting       | 2 |  2.2
Long Blades    | |  3.2
Throwing       | |  1.9
Dodging        | |  3.7

Action                   || total
-------------------------++-------
Melee: Long sword        ||    78
       Bite              ||     7
Armor: Leather armour    ||    31
Dodge: Dodged            ||    43
       Rpst.: Long sword ||    11

Table legend: (Time is in decaauts)
 A = Elapsed time spent in this place.
 B = Non-inter-level travel time spent in this place.
 C = Inter-level travel time spent in this place.
 D = Time resting spent in this place.
 E = Time spent auto-exploring this place.
 F = Levels seen in this place.
 G = Mean time per level.
                   A        B        C        D        E       F      G
               +--------+--------+--------+--------+--------+-----+--------+
         Total |    551 |    551 |      0 |     56 |    294 |   1 |  551.0 |
       Dungeon |    551 |    551 |      0 |     56 |    294 |   1 |  551.0 |
               +--------+--------+--------+--------+--------+-----+--------+

Top non-repeatable levels by time:
     D:1: 551 daAuts
